AoeStats
← NPG | Shimishi Maki

Nomad

507187437Analyzed
4v4 RM · 15d ago on Sep 17, 2026· 51m 20s· 8 players
Game mode
Random Map
Map size
231×231
Population
200
Speed
Normal
Resources
Standard
Victory
Conquest
Starting age
Dark Age
Ending age
Imperial Age
RankedLock teamsTeams togetherTeam positionsShared explorationLock speedFull tech treeHidden civsTurbo modeCheats
Victory
Defeat
🇨🇱 Berbers · Chile
1710
+9
🇨🇱 Inca · Chile
1656
+11
🇨🇱 Franks · Chile
1550
+15
🇨🇱 Wu · Chile
1474
+17
🇺🇸 Romans · United States
1596
-16
🇭🇰 Jurchens · Hong Kong SAR China
1558
-14
🇧🇷 Vikings · Brazil
1494
-12
🇫🇷 Mongols · France
1464
-10
optimal_brain_damage
4:27 Loom
13:25 Feudal Age
15:36 Double-Bit Axe
15:43 Gold Mining
15:52 Horse Collar
18:45 Castle Age
16:56 Forging
16:46 Scale Mail Armor
17:51 Man-at-Arms
18:50 Long Swordsman
21:34 Chain Mail Armor
23:24 Squires
24:52 Bow Saw
27:23 Heavy Plow
32:13 Bloodlines
32:19 Husbandry
34:51 Scale Barding Armor
35:50 Iron Casting
35:59 Wheelbarrow
37:10 Gold Shaft Mining
39:24 Chain Barding Armor
44:50 Imperial Age
42:37 Hand Cart
44:56 Cavalier
46:12 Plate Barding Armor
46:04 Comitatenses
46:05 Conscription
46:51 Chemistry
45:22 Legionary
47:12 Blast Furnace
46:25 Pikeman
46:46 Capped Ram
47:17 Halberdier
48:39 Ballistas
48:08 Heavy Scorpion
49:32 Siege Engineers
PNLN | maromba_aoe
5:01 Loom
13:27 Feudal Age
17:07 Castle Age
15:14 Double-Bit Axe
15:10 Horse Collar
17:17 Man-at-Arms
25:38 Long Swordsman
27:51 Bow Saw
30:14 Heavy Plow
30:06 Gold Mining
30:06 Stone Mining
31:06 Gambesons
31:24 Fletching
33:22 Scale Mail Armor
33:32 Forging
33:58 Bodkin Arrow
34:13 Forging
38:34 Imperial Age
37:23 Chain Mail Armor
37:44 Iron Casting
38:58 Iron Casting
40:03 Conscription
41:13 Two-Man Saw
40:44 Crop Rotation
42:02 Plate Mail Armor
42:32 Blast Furnace
43:31 Onager
48:53 Blast Furnace
48:11 Bracer
47:34 Long Swordsman
48:15 Squires
48:16 Two-Handed Swordsman
49:15 Champion
Florenzi
7:07 Loom
14:06 Feudal Age
14:49 Double-Bit Axe
16:00 Wheelbarrow
16:41 Town Watch
19:29 Fletching
22:18 Castle Age
25:30 Bodkin Arrow
26:23 Padded Archer Armor
27:26 Leather Archer Armor
49:50 Herbal Medicine
你朋友
4:35 Loom
4:41 Loom
13:29 Feudal Age
15:19 Fletching
19:25 Castle Age
19:21 Town Watch
19:51 Fishing Lines
20:23 Bodkin Arrow
20:26 Gold Mining
21:37 Medium Warships
21:18 Gillnets
22:42 Ballistics
23:30 Wheelbarrow
23:54 Clinker Construction
28:26 Horse Collar
31:53 Double-Bit Axe
34:56 Hand Cart
36:14 Bow Saw
35:57 Stone Mining
39:15 Imperial Age
38:44 Siege Engineers
39:36 Forging
39:31 Scale Barding Armor
40:13 Bracer
41:16 Chemistry
40:22 Heavy Plow
41:09 Heavy Warships
42:12 Carvel Hull
42:29 Elite Iron Pagoda
44:14 Scale Barding Armor
45:27 Chain Barding Armor
45:31 Conscription
45:47 Hoardings
47:15 Plate Barding Armor
47:16 Iron Casting
47:49 Crop Rotation
50:18 Blast Furnace
NPG | ChupaloAlexitico
4:02 Loom
12:38 Feudal Age
16:03 Double-Bit Axe
17:09 Forging
20:37 Castle Age
20:32 Gold Mining
21:40 Medium Warships
22:10 Iron Casting
22:33 Careening
31:04 Bow Saw
31:39 Clinker Construction
32:18 Town Watch
33:44 Ballistics
34:30 Wheelbarrow
34:28 Fishing Lines
35:12 Scale Barding Armor
36:06 Husbandry
42:30 Imperial Age
42:02 Fletching
42:24 Masonry
42:43 Cavalier
44:52 Chain Barding Armor
46:31 Bodkin Arrow
49:03 Blast Furnace
48:19 Murder Holes
49:06 Heavy Warships
49:59 Chemistry
NPG | DR@CA
5:16 Loom
13:01 Feudal Age
16:30 Arson
18:51 Scale Mail Armor
21:27 Castle Age
19:26 Double-Bit Axe
19:47 Scale Mail Armor
19:48 Horse Collar
21:24 Forging
24:31 Squires
30:54 Wheelbarrow
35:32 Chain Mail Armor
37:11 Heavy Plow
42:18 Iron Casting
44:21 Imperial Age
42:29 Town Watch
42:12 Pikeman
45:40 Plate Mail Armor
47:43 Blast Furnace
49:10 Conscription
48:43 Fletching
49:15 Ballistics
48:36 Treadmill Crane
48:55 Halberdier
51:24 Stone Mining
51:33 Gold Mining
Dkastro
14:00 Feudal Age
14:28 Loom
14:29 Double-Bit Axe
16:09 Town Watch
19:26 Castle Age
19:06 Gold Mining
19:07 Horse Collar
20:58 Bow Saw
23:22 Wheelbarrow
25:12 Stone Mining
27:14 Fletching
27:28 Heavy Plow
28:22 Gold Shaft Mining
27:57 Bodkin Arrow
30:39 Ballistics
30:20 Padded Archer Armor
31:00 Hand Cart
32:58 Town Patrol
36:45 Imperial Age
34:37 Bloodlines
34:28 Husbandry
35:47 Leather Archer Armor
35:50 Kasbah
37:57 Conscription
38:39 Chemistry
37:18 Cavalier
38:05 Scale Barding Armor
38:01 Bracer
38:13 Forging
39:03 Siege Engineers
39:17 Scale Barding Armor
39:00 Elite Camel Archer
40:49 Iron Casting
41:17 Coinage
41:18 Chain Barding Armor
42:39 Blast Furnace
43:08 Hoardings
43:37 Plate Barding Armor
42:29 Heavy Camel Rider
44:30 Banking
44:47 Masonry
44:18 Treadmill Crane
45:37 Murder Holes
46:14 Crop Rotation
45:47 Scale Mail Armor
45:29 Light Cavalry
50:21 Stone Shaft Mining
49:47 Onager
50:41 Thumb Ring
50:04 Hussar
NPG | Shimishi Maki
5:18 Loom
14:10 Feudal Age
14:51 Double-Bit Axe
15:09 Town Watch
18:47 Castle Age
16:52 Fletching
16:59 Gold Mining
17:23 Fishing Lines
18:01 Forging
19:33 Bodkin Arrow
19:09 Crossbowman
20:40 Wheelbarrow
21:17 Padded Archer Armor
20:54 Champi Runner
21:35 Squires
24:55 Scale Mail Armor
33:33 Horse Collar
34:52 Bow Saw
34:42 Heavy Plow
44:48 Gold Shaft Mining
46:55 Imperial Age
44:40 Arson
45:51 Chain Mail Armor
47:12 Iron Casting
46:25 Treadmill Crane
47:05 Ballistics
46:57 Masonry
47:00 Elite Kamayuk
48:01 Conscription
48:20 Plate Mail Armor
49:25 Blast Furnace
49:35 Hand Cart
50:11 Capped Ram
Connection lost

Rejoining the realm…

Still unreachable

The connection could not be restored.

Session expired

The server has moved on; the page needs a fresh start.